 Dungeon Crawl Stone Soup version 0.28-a0-687-gb91baff9cc (webtiles) character file.

Game seed: 1850940906732985697

49 shoop the Cutter (level 3, 0/19 HPs)
             Began as a Vine Stalker Monk on Oct 19, 2021.
             Succumbed to an adder's poison
             ... on level 2 of the Dungeon.
             The game lasted 00:08:04 (2316 turns).

shoop the Cutter (Vine Stalker Monk)                Turns: 2316, Time: 00:08:04

Health: 0/19       AC:  3    Str: 13    XL:     3   Next: 75%
Magic:  3/4        EV: 12    Int: 11    God:
Gold:   0          SH:  0    Dex: 16    Spells: 0/2 levels left

rFire   . . .      SeeInvis .   a - +0 short sword
rCold   . . .      Faith    .   (no shield)
rNeg    . . .      Spirit   +   c - +0 leather armour
rPois   .          Reflect  .   (no helmet)
rElec   .          Harm     .   (no cloak)
rCorr   .          Rampage  .   (no gloves)
Will    .....                   (no boots)
Stlth   ++........              (no amulet)
HPRegen 0.06/turn               (no ring)
MPRegen 0.09/turn               (no ring)

@: lethally poisoned (0 -> -5)
A: fangs 2, magic shield, antimagic bite, no potion heal 2
a: no special abilities


You were on level 2 of the Dungeon.
You visited 1 branch of the dungeon, and saw 2 of its levels.

Inventory:

Hand Weapons
 a - a +0 short sword (weapon)
Armour
 b - a +0 robe
 c - a +0 leather armour (worn)
 d - a +0 buckler


   Skills:
 - Level 2.9 Fighting
 - Level 3.0 Short Blades
 + Level 1.7 Armour
 - Level 2.6 Dodging
 - Level 2.7 Stealth


You couldn't memorise any spells.
You knew the following spells:

 Your Spells              Type           Power      Damage    Failure   Level
b - Blink                 Tloc           N/A        N/A       56%         2

Your spell library contained the following spells:

 Spells                   Type           Power      Damage    Failure   Level
 Freeze                   Ice            0%         1d3       41%         1
 Frozen Ramparts          Ice            0%         1d2       80%         3
 Lesser Beckoning         Tloc           0%         N/A       80%         3
 Ozocubu's Armour         Ice            0%         N/A       80%         3
 Hailstorm                Conj/Ice       0%         3d3       99%         4
 Manifold Assault         Tloc           0%         N/A       100%        5
 Metabolic Englaciation   Hex/Ice        0%         N/A       100%        5
 Simulacrum               Ice/Necr       0%         N/A       100%        6


Dungeon Overview and Level Annotations

Branches:
Dungeon (2/15)

Altars:

Shops:
D:1 !(((


Innate Abilities, Weirdness & Mutations

You have extremely sharp teeth.
When hurt, damage is shared between your health and your magic reserves.
Your bite disrupts and absorbs the magic of your enemies.
Potions cannot restore your health.


Message History

The quokka is moderately wounded.
The quokka bites you.
You miss the quokka. You bite the quokka. You drain its power.
You feel invigorated.
The quokka is heavily wounded.
The quokka bites you. x2
You hit the quokka.
You kill the quokka!
You hit the adder but do no damage. Your bite misses the adder.
The adder bites you.
You are poisoned.
The adder poisons you!
You closely miss the adder. You bite the adder. You drain its power.
You feel invigorated.
The adder is lightly wounded.
* * * LOW HITPOINT WARNING * * *
You feel sick. The adder bites you but does no damage.
The adder barely misses you.
Unknown command.
You closely miss the adder.
The adder is lightly wounded.
You feel sick. The adder bites you.
* * * LOW HITPOINT WARNING * * *
You are lethally poisoned!
The adder poisons you!
You aren't carrying any potions.
You barely miss the adder. Your bite misses the adder.
The adder is lightly wounded.
* * * LOW HITPOINT WARNING * * *
You feel sick. The adder bites you but does no damage.
You aren't carrying any scrolls.
You closely miss the adder. You bite the adder. You drain its power.
You feel invigorated.
The adder is heavily wounded.
* * * LOW HITPOINT WARNING * * *
You feel sick. The adder misses you.
You aren't carrying any items that you can evoke.
You closely miss the adder. You bite the adder, but do no damage.
The adder is heavily wounded.
You die...

##.. #..#
#.##.# ##.#
#.## #.##.##
##.. #.#
#.....# ....
#. ####..#
.... .. #..#
...# ## #..#
.... #..#
##..
#########..#
##..
......S@...#
....
......####.#
...# .####
.# .... .#
.... .# ....
.# .#.. .#
.... #..


You could see an adder.

Vanquished Creatures
  2 adders (D:2)
  A howler monkey skeleton (D:2)
  2 ball pythons
  2 bats
  3 endoplasms
  2 hobgoblins (D:1)
  2 quokkas
  3 frilled lizards (D:1)
  3 kobolds (D:1)
  4 rats
24 creatures vanquished.

Notes
Turn   | Place    | Note
-------+----------+-------------------------------------------
     0 | D:1      | shoop the Vine Stalker Monk began the quest for the Orb.
     0 | D:1      | Reached XP level 1. HP: 11/11 MP: 2/2
    46 | D:1      | Found Piusen's Antique Weapon Boutique.
   317 | D:1      | Found Pauxoume's Antique Weapon Boutique.
   356 | D:1      | Found Movug's Distillery.
   512 | D:2      | Reached XP level 2. HP: 7/16 MP: 3/3
   963 | D:1      | Reached skill level 3 in Short Blades
  1018 | D:1      | Found Echee's Antique Weapon Boutique.
  1398 | D:2      | Reached XP level 3. HP: 7/19 MP: 4/4
  1401 | D:2      | Learned a level 2 spell: Blink
  1685 | D:2      | Reached skill level 1 in Armour
  2316 | D:2      | Succumbed to an adder's poison

Illustrated notes

Levels and vault maps discovered:
D:1:      dpeg_arrival_houses_and_road, layout_loops_ring, serial_shops, shop,
          nicolae_shop_trees, nicolae_shop_behind_doors, nicolae_lakefront_shop
D:2:      layout_loops_ring, hellmonk_ecumenical_altar_blasted,
          skrybe_limestone_x

Skill      XL: |  1  2  3 |
---------------+----------+-----
Short Blades   | 3 |  3.0
Armour         | 1 |  1.7
Fighting       | |  2.9
Dodging        | |  2.6
Stealth        | |  2.7

Action                   || total
-------------------------++-------
Melee: Short sword       ||    89
       Bite              ||    22
  Use: Scroll            ||     1
       Potion            ||     1
 Stab: Sleeping          ||     4
Armor: Robe              ||    10
       Leather armour    ||     7
Dodge: Dodged            ||    45

Table legend: (Time is in decaauts)
 A = Elapsed time spent in this place.
 B = Non-inter-level travel time spent in this place.
 C = Inter-level travel time spent in this place.
 D = Time resting spent in this place.
 E = Time spent auto-exploring this place.
 F = Levels seen in this place.
 G = Mean time per level.
                   A        B        C        D        E       F      G
               +--------+--------+--------+--------+--------+-----+--------+
         Total |   2312 |   2269 |     43 |    703 |   1109 |   2 | 1156.0 |
       Dungeon |   2312 |   2269 |     43 |    703 |   1109 |   2 | 1156.0 |
               +--------+--------+--------+--------+--------+-----+--------+

Top non-repeatable levels by time:
     D:1: 1342 daAuts
     D:2: 969 daAuts
